 Dungeon Crawl Stone Soup version 0.17.1-3-g152610e (webtiles) character file.

472 Goblin1989 the Cleaver (level 7, -3/56 HPs)
             Began as a Hill Orc Gladiator on May 2, 2016.
             Killed from afar by an orc wizard (6 damage)
             ... with a puff of frost
             ... on level 5 of the Dungeon on May 4, 2016.
             The game lasted 00:05:56 (3307 turns).

Goblin1989 the Cleaver (Hill Orc Gladiator)         Turns: 3307, Time: 00:05:56

Health: -3/56      AC:  9    Str: 19    XL:     7   Next: 9%
Magic:  7/7        EV: 10    Int:  8    God:
Gold:   306        SH:  0    Dex: 12    Spells: 0 memorised, 6 levels left

rFire  . . .     SeeInvis .     a - +0 war axe
rCold  . . .     Clarity  .     B - +2 scale mail {rPois}
rNeg   . . .     SustAt   .     (no shield)
rPois  +         Gourm    .     c - +0 helmet
rElec  .         Spirit   .     (no cloak)
rCorr  .         Warding  .     (no gloves)
rMut   .         Stasis   .     (no boots)
MR     .....                    (no amulet)
Stlth  ..........               (no ring)
                                (no ring)

@: not resistant to hostile enchantments, extremely unstealthy
A: no striking features
a: no special abilities


You were on level 5 of the Dungeon.
You were very hungry.

You visited 1 branch of the dungeon, and saw 5 of its levels.

You collected 306 gold pieces.

Inventory:

Hand Weapons
 a - a +0 war axe (weapon)
Missiles
 d - 3 throwing nets (quivered)
Armour
 c - a +0 helmet (worn)
 l - a +0 chain mail
 B - a +2 scale mail of poison resistance (worn)
Jewellery
 s - a +4 ring of protection {unknown}
 A - an uncursed ring of magical power {unknown}
Wands
 o - a wand of magic darts (4)
Scrolls
 f - 3 scrolls of enchant armour {unknown}
 g - 2 scrolls of blinking {unknown}
 i - 2 scrolls of fog {unknown}
 k - 5 scrolls of remove curse {unknown}
 n - 4 scrolls of identify {unknown}
 p - a scroll of noise {unknown}
 v - 4 scrolls of teleportation {unknown}
 w - a scroll of random uselessness {unknown}
 x - a scroll of amnesia {unknown}
 y - a scroll of immolation {unknown}
Potions
 b - a potion of curing {unknown}
 h - 3 potions of lignification {unknown}
 j - a potion of cancellation {unknown}
 m - a potion of brilliance {unknown}
 q - a potion of haste {unknown}
 r - 2 potions of heal wounds {unknown}
 t - a potion of mutation {unknown}
 u - a potion of might {unknown}
Comestibles
 e - 2 bread rations
 z - a slice of pizza


   Skills:
 - Level 2.4 Fighting
 * Level 10.2 Axes
 - Level 1.7 Throwing
 - Level 2.4 Dodging


You had 6 spell levels left.
You didn't know any spells.

Dungeon Overview and Level Annotations

Branches:
Dungeon (5/15)
 Temple: D:4-7

Altars:
Dithmenos


Message History

You slash the iguana! You closely miss the orc wizard.
You barely miss the ogre.
The ogre hits you with a giant spiked club!!
Ouch! That really hurt!
The orc wizard barely misses you. The iguana bites you.
You barely miss the iguana. You hit the orc wizard. You barely miss the ogre.
The orc wizard hits you with a dagger.
The ogre hits you with a giant spiked club!
* * * LOW HITPOINT WARNING * * *
The orc wizard closely misses you. The iguana misses you.
You take 51 damage, and have 5/56 hp.
MASSIVE DAMAGE!!
You are too injured to fight recklessly!
You are too injured to fight recklessly!
The orc wizard hits you with a dagger.
* * * LOW HITPOINT WARNING * * *
You take 2 damage, and have 3/56 hp.
The iguana hisses menacingly.
The orc wizard points at you and mumbles some strange words.
The puff of frost hits you!
You die...

##.## #.. . ##...###.# .
#.....##.# # #.
######...###.# #. .#
.............# #.## .###
#######.###### ... ..# #
#.# # ###.###.#.# ##'## #
#$....#@#.# ##...## #
#.#..>..#...# ##.....## #
#......Oo.### ##.......###
..#.....#..####.........##
#.....#.....'...........
###.###..####.........##
........## ##........#
........# ##.....#.##
########.# #........##


You could see an orc wizard.

Vanquished Creatures
  Blork the orc (D:4)
  A scorpion (D:4)
  2 hounds
  2 orc wizards (D:4)
  A giant frog zombie (D:4)
  Ijyb (D:2)
  A worker ant (D:4)
  4 gnolls
  2 adders
  A worm (D:2)
  4 adder skeletons
  10 orcs
  A bat skeleton (D:2)
  2 bat zombies (D:2)
  5 giant cockroaches
  6 hobgoblins
  6 jackals
  2 quokkas
  5 bats
  A giant gecko (D:3)
  A giant gecko skeleton (D:4)
  6 giant newts
  7 goblins
  8 kobolds
  5 rats
85 creatures vanquished.

Notes
Turn   | Place    | Note
--------------------------------------------------------------
     0 | D:1      | Goblin1989 the Hill Orc Gladiator began the quest for the Orb.
     0 | D:1      | Reached XP level 1. HP: 18/18 MP: 1/1
    63 | D:1      | Reached XP level 2. HP: 25/25 MP: 2/2
   297 | D:1      | Reached skill level 5 in Axes
   827 | D:2      | Reached XP level 3. HP: 27/30 MP: 3/3
   859 | D:2      | Noticed Ijyb
   871 | D:2      | Killed Ijyb
   871 | D:2      | Reached skill level 6 in Axes
   871 | D:2      | Reached XP level 4. HP: 23/37 MP: 4/4
  1366 | D:3      | Reached skill level 7 in Axes
  1394 | D:2      | HP: 1/37 [poisoned by a kobold]
  1694 | D:3      | Reached XP level 5. HP: 38/42 MP: 5/5
  2143 | D:3      | Reached skill level 8 in Axes
  2281 | D:4      | Found a shadowy altar of Dithmenos.
  2301 | D:4      | Reached XP level 6. HP: 40/50 MP: 6/6
  2376 | D:4      | Reached skill level 9 in Axes
  2528 | D:4      | Noticed Blork the orc
  2541 | D:4      | Killed Blork the orc
  3026 | D:4      | Reached skill level 10 in Axes
  3026 | D:4      | Reached XP level 7. HP: 54/56 MP: 7/7
  3228 | D:5      | Entered Level 5 of the Dungeon
  3307 | D:5      | Killed from afar by an orc wizard

Action                   |  1- 3 |  4- 6 |  7- 9 || total
-------------------------+-------+-------+-------++-------
Melee: War axe           |    69 |   183 |     3 ||   255
  Eat: Chunk             |       |     5 |       ||     5
       Pizza             |       |       |     1 ||     1
